 Dungeon Crawl Stone Soup version 0.30-a0-860-g512cf1e979 (webtiles) character file.

Game seed: 7635238475517289250

3111 BubbleThief the Fighter (level 9, -7/93 HPs)
             Began as a Naga Cinder Acolyte on Mar 8, 2023.
             Was a High Priest of Ignis.
             Mangled by an orc knight
             ... wielding a +0 glaive
              (15 damage)
             ... in a bailey.
             The game lasted 00:12:16 (6861 turns).

BubbleThief the Fighter (Naga Cinder Acolyte)       Turns: 6861, Time: 00:12:16

Health: -7/93      AC: 12    Str: 21 (23) XL:     9   Next: 91%
Magic:  7/10       EV: 14    Int: 13 (15) God:    Ignis [*****.]
Gold:   293        SH:  0    Dex:  6 (7)  Spells: 8/10 levels left

rFire   + . .      SeeInvis +    w - +8 mace "Beastslayer" {pain, Str+3}
rCold   + . .      Faith    .    (no shield)
rNeg    . . .      Spirit   .    b - +0 robe
rPois   +          Reflect  .    (no helmet)
rElec   .          Rampage  .    p - +0 cloak
rCorr   .                        (no gloves)
Will    +....                    (no barding)
Stlth   +                        A - amulet of regeneration
HPRegen 1.15/turn                D - +5 ring of evasion
MPRegen 0.12/turn                r - ring of protection from cold

@: fiery-armoured (expiring), studying Invocations, invisible, very slow
A: AC +3, large, see invisible, deformed body, poison resistance, slowness 2,
spit poison 1, naga tail 1
a: Spit Poison, Renounce Religion, Fiery Armour, Foxfire Swarm, Rising Flame


You were in a bailey.
You worshipped Ignis.
Ignis was extremely pleased with you.
You visited 1 branch of the dungeon, and saw 8 of its levels.
You also visited: Bailey.

You collected 293 gold pieces.

Inventory:

Hand Weapons
 w - the +8 mace "Beastslayer" (weapon) {pain, Str+3}
   (You found it on level 6 of the Dungeon)

   Str:       It affects your strength (+3).
Armour
 b - a +0 robe (worn)
 p - a +0 cloak (worn)
Jewellery
 j - an amulet of magic regeneration
 l - a +6 ring of intelligence
 q - a ring of ice
 r - a ring of protection from cold (right hand)
 A - an amulet of regeneration (around neck)
 D - a +5 ring of evasion (left hand)
Wands
 t - a wand of flame (14)
Scrolls
 d - 3 scrolls of amnesia {unknown}
 f - 6 scrolls of identify {unknown}
 k - a scroll of poison {unknown}
 o - a scroll of acquirement {unknown}
 u - 2 scrolls of vulnerability {unknown}
 x - a scroll of enchant armour {unknown}
 y - a scroll of fog {unknown}
 B - 3 scrolls of immolation {unknown}
 C - a scroll of brand weapon {unknown}
Potions
 c - 3 potions of lignification {unknown}
 e - 3 potions of mutation {unknown}
 g - a potion of attraction {unknown}
 h - 3 potions of curing
 i - a potion of heal wounds {unknown}
 m - a potion of haste {unknown}
 n - 2 potions of invisibility
 s - a potion of degeneration
 v - a potion of cancellation {unknown}
 z - 2 potions of berserk rage {unknown}


   Skills:
 + Level 10.1 Fighting
 + Level 10.1 Maces & Flails
 - Level 1.0 Spellcasting
 - Level 3.0 Fire Magic


You had 8 spell levels left.
You knew the following spells:

 Your Spells              Type           Power      Damage    Failure   Level
a - Scorch                Fire           16%        2d6       12%         2

Your spell library contained the following spells:

 Spells                   Type           Power      Damage    Failure   Level
 Slow                     Hex            0%         N/A       28%         1
 Ensorcelled Hibernation  Hex/Ice        0%         N/A       38%         2
 Passwall                 Tmut/Erth      0%         N/A       38%         2
 Confusing Touch          Hex            0%         N/A       63%         3
 Dazzling Flash           Conj/Hex       0%         N/A       63%         3
 Swiftness                Air            0%         N/A       63%         3
 Vampiric Draining        Necr           0%         2d6       63%         3
 Iskenderun's Mystic Bla  Conj/Tloc      0%         2d3       95%         4
 Summon Forest            Summ/Tloc      0%         N/A       100%        5
 Eringya's Noxious Bog    Tmut/Pois      0%         N/A       100%        6
 Starburst                Conj/Fire      2%         6d3       100%        6
 Summon Hydra             Summ           0%         N/A       100%        7


Dungeon Overview and Level Annotations

Branches:
Dungeon (8/15)             Temple (0/1) D:6          Bailey (1/1)
   Lair: D:8-11

Altars:
Cheibriados
Dithmenos
Makhleb
Sif Muna

Shops:
D:3 [   D:4 (


Innate Abilities, Weirdness & Mutations

Your serpentine skin is tough. (AC +3)
You have supernaturally acute eyesight. (SInv)
Armour fits poorly on your strangely shaped body.
Your system is resistant to poisons. (rPois)
You cover ground very slowly.
You can spit poison.
You have a snake-like lower body.


Message History

The orc warrior goes into a battle-frenzy!
The orc warrior hits you from afar with a +0 glaive!
It was a potion of degeneration.
There was something very wrong with that liquid.
You feel weakened.
You feel dopey.
You feel clumsy.
The orc knight is no longer more vulnerable to fire.
The orc knight is engulfed in a cloud of scalding steam.
The orc knight splashes around in the water.
The orc warrior hits you from afar with a +0 glaive!
It was a potion of invisibility.
You fade into invisibility!
The orc knight is engulfed in a cloud of scalding steam.
The orc knight splashes around in the water.
The orc warrior barely misses you.
You closely miss the orc knight.
The orc knight is heavily wounded.
The orc knight barely misses you. The orc warrior barely misses you.
Unknown command.
You barely miss the orc knight.
The orc knight is heavily wounded.
The orc knight splashes around in the water.
The orc warrior misses you.
Unknown command.
You hit the orc knight but do no damage.
The orc knight is heavily wounded.
The orc knight misses you. The orc warrior barely misses you.
The orc warrior hits you with a +0 halberd.
Unknown command.
You hit the orc knight.
The orc knight is heavily wounded.
The orc knight splashes around in the water.
The orc warrior hits you from afar with a +0 glaive!!
* * * LOW HITPOINT WARNING * * *
Unknown command.
You hit the orc knight.
The orc knight is severely wounded.
You have got your breath back.
The orc warrior barely misses you.
The orc knight hits you with a +0 glaive!
You die...

§≈§. ##).~.# .. ...
##.~.# ##'
#'#########.~.# ....
##........))~.#
.∩.##..~)~)~)~)~~.# .
##..~~..........#
..###o.~)..##########
~.....~oo.##
~~~~~~~@.##
........## #########


You could see an orc knight (unable to see you) and 2 orc warriors.

Vanquished Creatures
  An orc knight (Bailey)
  A wyvern (D:5)
  2 orc warriors (Bailey)
  A black bear (D:6)
  4 ice beasts
  2 ogres (D:5)
  2 phantoms
  A bullfrog (D:6)
  Blork the orc (D:6)
  5 scorpions
  5 wights (D:7)
  3 howler monkeys (D:7)
  A gnoll bouda (D:7)
  A jelly (D:5)
  An orc priest (D:7)
  3 hounds
  6 iguanas
  7 orc wizards
  8 adders
  3 gnolls (D:7)
  2 white imps
  2 ufetubi (D:7)
  7 worms
  2 dart slugs
  36 orcs
  11 ball pythons
  4 bats
  10 endoplasms
  12 goblins
  5 hobgoblins
  4 kobolds
  5 quokkas
  2 frilled lizards (D:1)
  7 rats
167 creatures vanquished.

Notes
Turn   | Place    | Note
-------+----------+-------------------------------------------
     0 | D:1      | BubbleThief the Naga Cinder Acolyte began the quest for the
                  | Orb.
     0 | D:1      | Reached XP level 1. HP: 21/21 MP: 2/2
   273 | D:1      | Reached XP level 2. HP: 28/28 MP: 3/3
   290 | D:1      | Learned a level 2 spell: Scorch
  1236 | D:2      | Reached XP level 3. HP: 36/36 MP: 1/4
  1723 | D:2      | Reached XP level 4. HP: 42/44 MP: 3/5
  1899 | D:3      | Found Coathepa's Armour Shoppe.
  2787 | D:4      | You fall into a shaft and drop 2 floors!
  2794 | D:6      | Noticed a scorpion
  2799 | D:6      | Killed a scorpion
  2800 | D:6      | Reached XP level 5. HP: 51/51 MP: 2/6
  2800 | D:6      | Noticed a phantom
  2808 | D:6      | Killed a phantom
  2809 | D:6      | Reached skill level 5 in Fighting
  2809 | D:6      | Reached skill level 5 in Maces & Flails
  2809 | D:6      | Reached XP level 6. HP: 53/61 MP: 3/7
  2846 | D:6      | Noticed Blork the orc
  2858 | D:6      | Killed Blork the orc
  2931 | D:6      | Found a staircase to the Ecumenical Temple.
  2964 | D:6      | Noticed an ice beast
  2972 | D:6      | Killed an ice beast
  2973 | D:6      | Reached XP level 7. HP: 42/68 MP: 5/8
  3160 | D:6      | Found a burning altar of Makhleb.
  3325 | D:6      | Identified the +8 mace "Beastslayer" {pain, Str+3}
  3720 | D:5      | Entered Level 5 of the Dungeon
  3726 | D:5      | Reached XP level 8. HP: 68/78 MP: 9/9
  4562 | D:4      | Found Iggofouf's Antique Weapon Emporium.
  4775 | D:5      | Noticed a wyvern
  4789 | D:5      | Killed a wyvern
  5349 | D:5      | Found a shadowy altar of Dithmenos.
  5349 | D:5      | Found a snail-covered altar of Cheibriados.
  5890 | D:7      | Reached XP level 9. HP: 86/90 MP: 2/10
  6514 | D:7      | Found a shimmering blue altar of Sif Muna.
  6642 | D:8      | Found a flagged portal.
  6655 | Bailey   | Entered a bailey
  6800 | Bailey   | Noticed an orc knight
  6814 | Bailey   | Killed an orc knight
  6815 | Bailey   | Reached skill level 10 in Fighting
  6815 | Bailey   | Reached skill level 10 in Maces & Flails
  6840 | Bailey   | Noticed an orc knight
  6861 | Bailey   | Mangled by an orc knight

Illustrated notes

Levels and vault maps discovered:
D:1:      dpeg_arrival_another_circle, layout_loops_corners,
          hangedman_glass_teeth, minmay_misc_feat_x, bh_walls_and_bars
D:2:      layout_basic, grunt_decor_junction
D:3:      layout_basic, serial_shops, shop_fountains
D:4:      layout_basic, serial_shops, shop
D:5:      layout_loops_ring, gammafunk_temple_overflow_elements,
          grunt_decor_cap, kennysheep_small_spiral, grunt_ministairs_7,
          chequers_avenue, nicolae_wormholes
D:6:      layout_loops_ring, mainiacjoe_overflow_surrounded_room,
          minmay_temple_entry_overgrown, minmay_misc_feat_columns,
          uniq_blork_the_orc
D:7:      layout_basic, lemuel_blue_sif_altar
D:8:      layout_loops_corners, enter_bailey_3, uniq_amaemon
Bailey:   bailey_polearm_1, bailey

Skill      XL: |  1  2  3  4  5  6  7  8  9 |
---------------+----------------------------+-----
Fighting       | 4 5 6 8 10 | 10.1
Maces & Flails | 4 5 6 8 10 | 10.1
Spellcasting   | |  1.0
Fire Magic     | |  3.0

Action                     |  1- 3 |  4- 6 |  7- 9 || total
---------------------------+-------+-------+-------++-------
  Melee: Mace              |    35 |    17 |   235 ||   287
         Punch             |     1 |     1 |     2 ||     4
         Whip              |       |       |     4 ||     4
   Cast: Scorch            |    16 |    26 |    50 ||    92
 Invoke: Fiery Armour      |       |       |     1 ||     1
Ability: Spit Poison       |    26 |    12 |    29 ||    67
  Evoke: Wand              |       |       |     5 ||     5
    Use: Potion            |       |       |     2 ||     2
         Scroll            |       |       |     1 ||     1
 Armour: Robe              |    11 |     6 |    42 ||    59
  Dodge: Dodged            |    23 |     8 |   153 ||   184

Table legend: (Time is in decaauts)
 A = Elapsed time spent in this place.
 B = Non-inter-level travel time spent in this place.
 C = Inter-level travel time spent in this place.
 D = Time resting spent in this place.
 E = Time spent auto-exploring this place.
 F = Levels seen in this place.
 G = Mean time per level.
                   A        B        C        D        E       F      G
               +--------+--------+--------+--------+--------+-----+--------+
         Total |   8791 |   8516 |    275 |    271 |   7024 |   9 |  976.8 |
       Dungeon |   8550 |   8275 |    275 |    271 |   6941 |   8 | 1068.8 |
        Bailey |    240 |    240 |      0 |      0 |     83 |   1 |  240.0 |
               +--------+--------+--------+--------+--------+-----+--------+

Top non-repeatable levels by time:
     D:5: 1574 daAuts
     D:1: 1485 daAuts
     D:4: 1261 daAuts
     D:6: 1205 daAuts
     D:3: 1038 daAuts
     D:2: 1009 daAuts
     D:7: 921 daAuts
  Bailey: 240 daAuts
     D:8: 54 daAuts
